 Dungeon Crawl Stone Soup version 0.30-a0-149-g7f746667c4 (webtiles) character file.

Game seed: 15916001745902260039

10 Sobieck the Chopper (level 2, -3/24 HPs)
             Began as a Ghoul Gladiator on Sept 26, 2022.
             Slain by a gnoll
             ... wielding a +0 spear
              (8 damage)
             ... on level 1 of the Dungeon.
             The game lasted 00:01:12 (520 turns).

Sobieck the Chopper (Ghoul Gladiator)                Turns: 520, Time: 00:01:13

Health: -3/24      AC:  4    Str: 17    XL:     2   Next: 20%
Magic:  1/1        EV: 12    Int:  3    God:
Gold:   51         SH:  0    Dex: 10    Spells: 1/1 levels left

rFire   . . .      SeeInvis .    a - +0 war axe {axe}
rCold   + . .      Faith    .    (no shield)
rNeg    + + +      Spirit   .    b - +0 leather armour
rPois   ∞          Reflect  .    c - +0 helmet
rElec   .          Harm     .    (no cloak)
rCorr   .          Rampage  .    (no gloves)
Will    .....                    (no boots)
Stlth   +.........               (no amulet)
HPRegen 0.00/turn                (no ring)
MPRegen 0.07/turn                (no ring)

@: inhibited regen
A: claws 1, cold resistance 1, negative energy resistance 3, inhibited
regeneration, torment resistance 2, devour on kill
a: no special abilities


You were on level 1 of the Dungeon.
You visited 1 branch of the dungeon, and saw 1 of its levels.

You collected 51 gold pieces.


Innate Abilities, Weirdness & Mutations

You are immune to poison.
You have sharp fingernails.
Your flesh is cold resistant. (rC+)
You are immune to negative energy. (rN+++)
You do not regenerate when monsters are visible.
You are immune to unholy pain and torment.
You thrive by killing the living.


   Skills:
 - Level 2.1 Fighting
 + Level 3.3 Axes
 - Level 1.7 Throwing
 - Level 2.6 Dodging


You had one spell level left.
You didn't know any spells.
Your spell library contained the following spells:

 Spells                   Type           Power      Damage    Failure   Level
 Magic Dart               Conj           0%         1d3       58%         1
 Ensorcelled Hibernation  Hex/Ice        0%         N/A       75%         2
 Searing Ray              Conj           0%         2d4       75%         2
 Anguish                  Hex/Necr       0%         N/A       100%        4
 Fulminant Prism          Conj/Hex       0%         3d6       100%        4
 Spider Form              Tmut/Pois      Unusable   N/A       N/A         3

Inventory:

Hand Weapons
 a - a +0 war axe (weapon) {axe}
Missiles
 d - 3 throwing nets (quivered) {=f!fthrowing}
 e - a javelin {throwing}
 f - 5 stones {throwing}
 m - 6 atropa-tipped darts {throwing}
Armour
 b - a +0 leather armour (worn)
 c - a +0 helmet (worn)
 i - a +0 robe
   (You found it on level 1 of the Dungeon)
 n - a +0 robe
   (You found it on level 1 of the Dungeon)
 o - a +0 robe
   (You found it on level 1 of the Dungeon)
Scrolls
 g - a scroll of teleportation {unknown}
 h - a scroll of immolation {unknown}
 j - a scroll of butterflies {unknown}
Potions
 k - a potion of heal wounds {unknown}
 l - a potion of might {unknown}

Dungeon Overview and Level Annotations

Branches:
Dungeon (1/15) Zot: 5466

Altars:

# # .. # #.# # #.# #
#.# ########## # #.#
##........ #.#.#
##.######.##.#.######.#
..........#.....@g....#
##.###########.######.#
#.# #.....# #.#####
#######.##.# #..)..#
#........##.# #....)+
#........##.# #.....#
#........##.# ##.....#
#........##.# ..######
#........##.#


You could see a gnoll.


Message History

Danger!
The goblin barely misses you.
You hit the goblin. The goblin closely misses you.
You hit the goblin.
You kill the goblin!
You closely miss the bat. The bat hits you but does no damage. x2
You barely miss the bat. The bat misses you.
The bat hits you but does no damage. The bat barely misses you.
You closely miss the bat. The bat barely misses you.
The bat closely misses you. The bat barely misses you.
The bat hits you but does no damage.
You hit the bat. The bat barely misses you.
You closely miss the bat. The bat hits you but does no damage.
The bat hits you but does no damage. The bat closely misses you.
You hit the bat.
You kill the bat!
Your Axes skill increases to level 3!
No target in view!
No target in view!
You now have 43 gold pieces (gained 6).
k - a red potion
l - a bubbling golden potion
m - 6 atropa-tipped darts {throwing}
n - a +0 robe You open the door.
Found an escape hatch in the floor.
Found a stone staircase leading down.
Unknown command.
There is an open door here.
A hobgoblin comes into view.
The hobgoblin shouts!
You see here a +0 robe.
Danger!
The hobgoblin hits you but does no damage.
You barely miss the hobgoblin. The hobgoblin closely misses you.
You closely miss the hobgoblin. The hobgoblin barely misses you.
You hit the hobgoblin.
You kill the hobgoblin!
No target in view!
o - a +0 robe
There is an escape hatch in the floor here.
A jackal comes into view.
The jackal barks!
A jackal comes into view.
Danger!
A jackal comes into view.
There is an open door here.
You barely miss the jackal. The jackal barely misses you. x2
You miss the jackal. You closely miss the jackal.
The jackal closely misses you.
The jackal bites you but does no damage.
You closely miss the jackal. The jackal bites you.
The jackal bites you but does no damage.
You slash the jackal!
You kill the jackal!
The jackal closely misses you.
You have reached level 2!
You barely miss the jackal. The jackal completely misses you.
The jackal bites you but does no damage.
You closely miss the jackal. The jackal closely misses you.
You barely miss the jackal. The jackal closely misses you. x2
You miss the jackal. The jackal bites you. The jackal closely misses you.
You barely miss the jackal. The jackal bites you.
The jackal completely misses you.
You slash the jackal!
You kill the jackal!
You feel better. The jackal closely misses you.
You barely miss the jackal.
The jackal bites you but does no damage.
The jackal bites you.
You slash the jackal!
You kill the jackal!
No target in view!
No target in view!
There is an open door, spattered with blood here.
You see here a jackal corpse.
f - 5 stones {throwing} (gained 2)
You now have 51 gold pieces (gained 8).
You pick up a book of Dreams and begin reading...
You add the spells Ensorcelled Hibernation and Anguish to your library.
Unknown command.
A gnoll comes into view. It is wielding a +0 spear.
The gnoll shouts!
Danger!
The gnoll closely misses you.
You barely miss the gnoll. The gnoll barely misses you.
You barely miss the gnoll. The gnoll closely misses you.
The gnoll hits you with a +0 spear.
You barely miss the gnoll. The gnoll hits you with a +0 spear!
You are too injured to fight recklessly!
You are too injured to fight recklessly!
You barely miss the gnoll. The gnoll hits you with a +0 spear.
* * * LOW HITPOINT WARNING * * *
You closely miss the gnoll. The gnoll hits you but does no damage.
The gnoll misses you.
Unknown command.
You hit the gnoll. The gnoll hits you with a +0 spear!
* * * LOW HITPOINT WARNING * * *
You closely miss the gnoll. The gnoll barely misses you.
You completely miss the gnoll. The gnoll hits you with a +0 spear!
You die...

Skill      XL: |  1 |
---------------+----+-----
Axes           | 3 |  3.3
Fighting       | |  2.1
Throwing       | |  1.7
Dodging        | |  2.6

Action                   || total
-------------------------++-------
Melee: War axe           ||    35
Armor: Leather armour    ||    13
Dodge: Dodged            ||    34

Levels and vault maps discovered:
D:1:      dpeg_arrival_erosion, layout_basic

Notes
Turn   | Place    | Note
-------+----------+-------------------------------------------
     0 | D:1      | Sobieck the Ghoul Gladiator began the quest for the Orb.
     0 | D:1      | Reached XP level 1. HP: 17/17 MP: 0/0
   152 | D:1      | You pick up a book of Conjurations {@e2} and begin
                  | reading...
   152 | D:1      | You add the spells Magic Dart, Searing Ray and Fulminant
                  | Prism to your library.
   247 | D:1      | Reached skill level 3 in Axes
   323 | D:1      | Reached XP level 2. HP: 22/24 MP: 1/1
   408 | D:1      | You pick up a book of Dreams and begin reading...
   408 | D:1      | You add the spells Ensorcelled Hibernation and Anguish to
                  | your library.
   518 | D:1      | HP: 5/24 [gnoll/+0 spear (7)]
   520 | D:1      | Slain by a gnoll

Vanquished Creatures
  A bat (D:1)
  A goblin (D:1)
  A hobgoblin (D:1)
  3 jackals (D:1)
  A kobold (D:1)
  A ball python (D:1)
8 creatures vanquished.

Table legend:
 A = Non-vault XP
 B = Vault XP
 C = Vault XP percentage of total XP
 D = Non-vault monster count
 E = Vault monster count
 F = Vault count percentage of total count
                 A         B        C        D         E       F
            +---------+---------+-------+---------+---------+-------
      Total |      15 |       0 |   0.0 |       8 |       0 |   0.0
            +---------+---------+-------+---------+---------+-------
        D:1 |      15 |       0 |   0.0 |       8 |       0 |   0.0
            +---------+---------+-------+---------+---------+-------

Illustrated notes

Table legend:
 A = Kills in this place as a percentage of kills in entire the game.
 B = Kills by you in this place as a percentage of kills by you in the entire game.
 C = Kills by friends in this place as a percentage of kills by friends in the entire game.
 D = Other kills in this place as a percentage of other kills in the entire game.
 E = Experience gained in this place as a percentage of experience gained in the entire game.
 F = Experience gained in this place divided by the number of levels of this place that you have seen.
                   A       B       C       D       E      F
               +-------+-------+-------+-------+-------+----------------------
         Total | 100.0 | 100.0 |   N/A |   N/A | 100.0 |  15.0
       Dungeon | 100.0 | 100.0 |   N/A |   N/A | 100.0 |  15.0
               +-------+-------+-------+-------+-------+----------------------

Table legend: (Time is in decaauts)
 A = Elapsed time spent in this place.
 B = Non-inter-level travel time spent in this place.
 C = Inter-level travel time spent in this place.
 D = Time resting spent in this place.
 E = Time spent auto-exploring this place.
 F = Levels seen in this place.
 G = Mean time per level.
                   A        B        C        D        E       F      G
               +--------+--------+--------+--------+--------+-----+--------+
         Total |    531 |    531 |      0 |      0 |    451 |   1 |  531.0 |
       Dungeon |    531 |    531 |      0 |      0 |    451 |   1 |  531.0 |
               +--------+--------+--------+--------+--------+-----+--------+

Top non-repeatable levels by time:
     D:1: 531 daAuts
